Map: Vestígio Bel'Shir LE (Void)

Players

efelinto - Winner!

  • Race: Protoss Protoss
  • League: Diamond
  • Spawn Location: 11:00

Yoda

  • Race: Protoss Protoss
  • League: Gold
  • Spawn Location: 5:00

VOD

Have the link to the VOD?

Description

Time

  • Played on: April 27, 2017, 9:23 p.m.
  • Length: 6:10
Show
View Real Time Build Order
Export as new Build Order

efelinto Protoss - Winner!

Build Orders: Oracle Opening 

Get SALT Encoding   

  12  0:01  Probe (Chrono Boost)  
  13  0:12  Probe (Chrono Boost)  
  14  0:22  Probe (Chrono Boost)  
  14  0:24  Pylon  
  16  0:43  Probe (Chrono Boost)  
  16  0:45  Gateway  
  16  0:49  Assimilator  
  16  0:53  Probe (Chrono Boost)  
  16  0:54  Assimilator  
  17  1:09  Probe (Chrono Boost)  
  18  1:19  Probe (Chrono Boost)  
  19  1:30  Probe (Chrono Boost)  
  20  1:32  Cybernetics Core  
  20  1:40  Probe (Chrono Boost), Pylon  
  21  1:51  Probe (Chrono Boost)  
  23  2:01  Probe (Chrono Boost)  
  23  2:06  Stalker  
  23  2:08  Warp Gate  
  23  2:13  Probe (Chrono Boost)  
  25  2:18  Stargate  
  25  2:25  Probe (Chrono Boost)  
  28  2:39  Mothership Core (Chrono Boost)  
  28  2:55  Gateway  
  28  2:57  Oracle  
  31  3:08  Pylon  
  31  3:22  Pylon  
  31  3:24  Gateway  
  31  3:26  Gateway  
  31  3:29  Oracle  
  31  3:31  Gateway  
  34  4:03  Nexus  
  34  4:57  Stalker x2  
  34  4:58  Stalker x2  
  42  5:04  Pylon  
  42  5:07  Gateway  
  42  5:08  Gateway  
  42  5:16  Probe (Chrono Boost)  
  42  5:18  Probe (Chrono Boost)  
  45  5:30  Probe (Chrono Boost)  
  39  5:44  Zealot x4  
  44  6:08  Stalker x2  
  44  6:09  Stalker  
Show
View Real Time Build Order
Export as new Build Order

Yoda Protoss 

Build Orders:  

Get SALT Encoding   

  12  0:02  Probe (Chrono Boost)  
  13  0:12  Probe (Chrono Boost)  
  14  0:34  Probe (Chrono Boost)  
  15  0:48  Pylon  
  15  1:00  Assimilator  
  15  1:06  Pylon  
  15  1:11  Nexus  
  15  1:26  Probe (Chrono Boost)  
  16  1:37  Probe (Chrono Boost)  
  17  1:45  Gateway  
  17  1:47  Probe (Chrono Boost)  
  18  1:58  Probe (Chrono Boost)  
  20  2:08  Probe (Chrono Boost)  
  20  2:10  Gateway  
  20  2:13  Assimilator  
  20  2:31  Gateway  
  20  2:35  Gateway  
  20  2:42  Zealot  
  22  3:04  Zealot, Cybernetics Core  
  24  3:10  Pylon  
  24  3:22  Probe (Chrono Boost)  
  25  3:28  Probe (Chrono Boost)  
  27  3:34  Probe (Chrono Boost)  
  27  3:36  Warp Gate  
  27  3:47  Probe (Chrono Boost)  
  30  3:49  Mothership Core (Chrono Boost)  
  30  3:53  Stalker  
  32  3:59  Stalker  
  34  4:06  Probe (Chrono Boost)  
  35  4:17  Probe (Chrono Boost)  
  29  4:27  Probe (Chrono Boost)  
  27  4:40  Probe (Chrono Boost)  
  27  4:45  Probe (Chrono Boost)  
  29  4:51  Probe (Chrono Boost)  
  30  4:57  Probe (Chrono Boost)  
  31  5:04  Probe (Chrono Boost)  
  32  5:09  Probe (Chrono Boost)  
  33  5:15  Probe (Chrono Boost)  
  33  5:18  Pylon  
  35  5:21  Probe (Chrono Boost)  
  35  5:25  Probe (Chrono Boost)  
  36  5:33  Probe (Chrono Boost)  
  30  5:36  Probe (Chrono Boost)  
  28  5:45  Probe (Chrono Boost)  
  28  5:46  Probe (Chrono Boost)  
  26  5:57  Probe (Chrono Boost)  
Tags
 
Add a new tag
Caveats
  • Supply blocks, unpowered buildings, or Contaminate may cause inaccurate times.
  • Supply counts are checked every 10 seconds.